 Dungeon Crawl Stone Soup version 0.29.1-12-g30fa7ad0bf (webtiles) character file.

Game seed: 421510387948825383

10200 raph the Severer (level 11, -10/89 HPs)
             Began as a Hill Orc Fighter on Jan 13, 2023.
             Was an Elder of Beogh.
             Hit by a javelin thrown by a minotaur (22 damage)
             ... in a Gauntlet on Jan 14, 2023.
             The game lasted 00:17:37 (9282 turns).

raph the Severer (Hill Orc Fighter)                 Turns: 9282, Time: 00:17:38

Health: -10/89     AC: 16    Str: 23    XL:     11   Next: 58%
Magic:  12/12      EV:  5    Int:  6    God:    Beogh [****..]
Gold:   403        SH: 19    Dex: 14    Spells: 10/10 levels left

rFire   + . .      SeeInvis .   a - +1 war axe (vorpal)
rCold   + + .      Faith    .   u - +2 tower shield {reflect}
rNeg    . . .      Spirit   .   p - +0 plate armour
rPois   .          Reflect  +   k - +1 helmet
rElec   +          Harm     .   g - +2 cloak {Stlth+}
rCorr   .          Rampage  .   (no gloves)
Will    +....      NoTele   +   (no boots)
Stlth   ..........              y - amulet of regeneration
HPRegen 1.04/turn               v - +4 ring of protection
MPRegen 0.13/turn               l - ring of the Tempest {Fly rElec rC++ Will+ Dex-3}

@: flying
A: agile 1, deformed body, fire resistance 1, strong 1
a: Renounce Religion, Smiting, Recall Orcish Followers


You were in a Gauntlet.
You worshipped Beogh.
Beogh was greatly pleased with you.
You visited 2 branches of the dungeon, and saw 9 of its levels.
You visited the Abyss 1 time.
You also visited: Gauntlet.

You collected 463 gold pieces.
You spent 60 gold pieces at shops.

Inventory:

Hand Weapons
 a - a +1 vorpal war axe (weapon)
 b - a +4 sling
 w - a +0 morningstar
Missiles
 r - a throwing net (quivered)
 A - 3 curare-tipped darts
Armour
 g - a +2 cloak of stealth (worn)
 k - a +1 helmet (worn)
 p - a +0 plate armour (worn)
 u - a +2 tower shield of reflection (worn)
Jewellery
 e - an amulet of guardian spirit
 j - an amulet of reflection
 l - the ring of the Tempest (right hand) {Fly rElec rC++ Will+ Dex-3}
   (You found it in a Gauntlet)

   [ring of flight]

   Dex:       It affects your dexterity (-3).
   rC:        It greatly protects you from cold.
   rElec:     It insulates you from electricity.
   Fly:       It grants you flight.
   Will:      It increases your willpower.
 v - a +4 ring of protection (left hand)
 y - an amulet of regeneration (around neck)
 C - the amulet "Effa" {RegenMP rPois rN+ Str+4}
   (You found it in a Gauntlet)

   [amulet of magic regeneration]

   It increases your rate of magic regeneration.
   Str:       It affects your strength (+4).
   rPois:     It protects you from poison.
   rN:        It protects you from negative energy.
Wands
 d - a wand of polymorph (3)
 f - a wand of roots (24)
 z - a wand of mindburst (15)
Scrolls
 c - 2 scrolls of vulnerability
 i - a scroll of amnesia
 x - a scroll of enchant armour
 B - 2 scrolls of fear
Potions
 h - 3 potions of brilliance
 m - a potion of magic {unknown}
 n - 2 potions of lignification
 o - 5 potions of curing
 q - 3 potions of flight
 s - a potion of attraction {unknown}
 t - a potion of heal wounds {unknown}


   Skills:
 + Level 5.7 Fighting
 - Level 16.0 Axes
 + Level 5.2 Armour
 + Level 2.8 Dodging
 + Level 12.6 Shields
 + Level 1.6 Invocations


You had 10 spell levels left.
You didn't know any spells.
Your spell library contained the following spells:

 Spells                   Type           Power      Damage    Failure   Level
 Apportation              Tloc           0%         N/A       100%        1
 Static Discharge         Conj/Air       0%         3-3/arc   100%        2
 Ignite Poison            Fire/Tmut/Pois 0%         N/A       100%        3
 Mephitic Cloud           Conj/Pois/Air  0%         N/A       100%        3
 Ozocubu's Armour         Ice            0%         N/A       100%        3
 Portal Projectile        Hex/Tloc       0%         N/A       100%        3
 Tukima's Dance           Hex            0%         N/A       100%        3
 Dispel Undead            Necr           0%         3d6       100%        4
 Sticky Flame             Conj/Fire      0%         2d3       100%        4
 Alistair's Intoxication  Tmut/Pois      0%         N/A       100%        5
 Blade Hands              Tmut           0%         N/A       100%        5
 Freezing Cloud           Conj/Ice/Air   0%         6-21      100%        5
 Metabolic Englaciation   Hex/Ice        0%         N/A       100%        5
 Simulacrum               Ice/Necr       0%         N/A       100%        6


Dungeon Overview and Level Annotations

Branches:
Dungeon (8/15)             Temple (0/1) D:7            Lair (1/5) D:8
Gauntlet (1/1)

Altars:
Ashenzari
Hepliaklqana
Vehumet
Wu Jian

Shops:
D:6 *   D:7 [

Annotations:
Gauntlet 8 transporters, 2 runed translucent doors


Innate Abilities, Weirdness & Mutations

You are agile. (Dex +4, Str/Int -1)
Armour fits poorly on your strangely shaped body.
Your flesh is heat resistant. (rF+)
Your muscles are strong. (Str +4, Int/Dex -1)


Message History

You swap places.
Your orc knight hits the minotaur with a +0 bardiche.
The minotaur hits your orc knight with the +3 spear of Light {vorpal, Will+ Int+3}!!
Your orc knight dies!
The minotaur bellows!
You swap places.
Geork invokes the aid of Beogh against something.
Something hits your orc wizard!
Something barely misses your orc wizard.
You swap places.
Your orc wizard hits something but does no damage.
Geork calls down the wrath of Beogh upon something.
Something hits your orc wizard!!
Your orc wizard dies!
You swap places.
Something barely misses your orc. Something closely misses your orc.
You swap places.
The minotaur blocks your orc's attack.
The minotaur throws a javelin.
The javelin pierces through your orc!!
Your orc dies!
The javelin pierces through you but does no damage.
The minotaur hits you with the +3 spear of Light {vorpal, Will+ Int+3}.
You block the minotaur's attack.
There is an open door, spattered with blood here.
Items here: ))) [[[ †††.
The minotaur blocks your attack.
The minotaur is moderately wounded.
You block the minotaur's attack. x2
The minotaur blocks your attack.
The minotaur is moderately wounded.
Geork calls down the wrath of Beogh upon the minotaur.
The minotaur is smitten.
The minotaur hits you with the +3 spear of Light {vorpal, Will+ Int+3}!!
* * * LOW HITPOINT WARNING * * *
x2 The minotaur gores you.
* * * LOW HITPOINT WARNING * * *
You swap places.
Geork hits the minotaur but does no damage.
The minotaur throws a javelin.
The javelin barely misses Geork.
The javelin pierces through you!!
You die...

#########≈..#.....
#...##.###..######
#.#.##..##........
#.#......#..######
#.#.##...#..#..... ###+
#...##.©.#8.#(###.
#..⌠.##.#.##...#..#[..##
+⌠...Hoo#...o©.#∩.#©..©.
#...∩##@#.##...#..#...##
#.⌠. #o..##.©.#8.#:###.
##+ #.#.##...#..#.....
#.#......#..######
#.#.##..##........
#...##.###..######
#########≈..##zz##
##..#z##zz #≈..#z#z#z


You could see a minotaur (ally target), the friendly Geork the orc priest
(strong) and 2 friendly orcs.

Vanquished Creatures
  A thrashing horror (D:8)
  A large abomination (Abyss:1)
  Pikel (D:8)
  A wolf spider (Gauntlet)
  Maggie (D:8)
  A cane toad (Lair:1)
  A komodo dragon (D:8)
  A rime drake (Lair:1)
  Psyche (D:8)
  Sigmund (D:3)
  2 flying skulls (Gauntlet)
  A wyvern (D:7)
  A neqoxec (Abyss:1)
  12 yaks
  Menkaure (D:5)
  A steam dragon (D:8)
  A water moccasin (D:6)
  A small abomination (D:8)
  An orc warrior (D:7)
  2 ice beasts
  2 black bears
  3 centaurs
  4 phantoms
  4 kobold brigands
  A necrophage (D:5)
  A gnoll sergeant (D:8)
  7 bullfrogs
  A scorpion (D:7)
  7 wights
  4 howler monkeys
  An electric eel (D:8)
  A jelly (D:7)
  An orc priest (D:5)
  8 hounds
  An iron imp (Gauntlet)
  Crazy Yiuf (D:2)
  Jessica (D:2)
  Ijyb (D:3)
  3 iguanas (D:6)
  Natasha (thrice) (D:2)
  7 orc wizards
  Robin (D:2)
  8 adders
  11 gnolls
  4 shadow imps
  A white imp (D:6)
  2 ufetubi
  3 worms
  2 dart slugs
  16 orcs
  8 ball pythons
  5 endoplasms
  A giant cockroach (D:1)
  20 goblins
  10 hobgoblins
  16 jackals
  28 kobolds
  4 quokkas
  7 bats
  6 frilled lizards
  4 rats
252 creatures vanquished.

Vanquished Creatures (collateral kills)
  5 flying skulls (Gauntlet)
5 creatures vanquished.

Vanquished Creatures (others)
  An orc knight (Gauntlet)
  An orc wizard (Gauntlet)
  An adder (D:3)
  An orc (Gauntlet)
  A giant cockroach (D:3)
  8 fungi (D:8)
  11 plants
24 creatures vanquished.

Grand Total: 281 creatures vanquished

Notes
Turn   | Place    | Note
-------+----------+-------------------------------------------
     0 | D:1      | raph the Hill Orc Fighter began the quest for the Orb.
     0 | D:1      | Reached XP level 1. HP: 19/19 MP: 1/1
    30 | D:1      | Reached skill level 3 in Axes
   128 | D:1      | Reached XP level 2. HP: 21/26 MP: 2/2
   218 | D:1      | Reached skill level 4 in Axes
   496 | D:1      | Reached XP level 3. HP: 31/31 MP: 3/3
   538 | D:1      | Reached skill level 5 in Axes
  1274 | D:2      | Noticed Jessica
  1277 | D:2      | Killed Jessica
  1278 | D:2      | Reached skill level 6 in Axes
  1278 | D:2      | Reached XP level 4. HP: 37/39 MP: 4/4
  1288 | D:2      | Found a runed translucent door.
  1289 | D:2      | Noticed Crazy Yiuf
  1299 | D:2      | Killed Crazy Yiuf
  1578 | D:2      | Reached XP level 5. HP: 42/45 MP: 5/5
  1629 | D:2      | Noticed Natasha
  1642 | D:2      | Killed Natasha
  1643 | D:2      | Reached skill level 7 in Axes
  1950 | D:2      | Noticed Robin
  1958 | D:2      | Killed Robin
  2041 | D:2      | Noticed Natasha
  2049 | D:2      | Killed Natasha
  2141 | D:2      | Noticed Natasha
  2151 | D:2      | Killed Natasha
  2152 | D:2      | Reached skill level 8 in Axes
  2152 | D:2      | Reached XP level 6. HP: 49/51 MP: 6/6
  2863 | D:3      | Noticed Sigmund
  3120 | D:3      | Killed Sigmund
  3121 | D:3      | Reached skill level 10 in Axes
  3121 | D:3      | Reached XP level 7. HP: 54/57 MP: 7/7
  3253 | D:3      | Became a worshipper of Beogh the Brigand
  3342 | D:3      | Noticed Ijyb
  3350 | D:3      | Killed Ijyb
  4124 | D:5      | Entered Level 5 of the Dungeon
  4149 | D:5      | Reached * piety under Beogh
  4150 | D:5      | Reached skill level 1 in Dodging
  4181 | D:5      | Reached XP level 8. HP: 56/62 MP: 8/8
  4200 | D:5      | Noticed Menkaure
  4207 | D:5      | Killed Menkaure
  4208 | D:5      | Reached skill level 11 in Axes
  4831 | D:5      | Reached skill level 5 in Fighting
  4996 | D:5      | Identified a scroll of acquirement
  4996 | D:5      | Acquired a +2 tower shield of reflection
  5636 | D:6      | Found a radiant altar of Vehumet.
  5713 | D:6      | Found Naoxziusho's General Store.
  5721 | D:6      | Bought a potion of might for 60 gold pieces
  5904 | D:6      | Reached skill level 5 in Shields
  5904 | D:6      | Reached XP level 9. HP: 70/74 MP: 9/9
  5946 | D:6      | Reached ** piety under Beogh
  5947 | D:6      | Reached skill level 12 in Axes
  5947 | D:6      | Reached skill level 5 in Armour
  6320 | D:6      | Found a hazy altar of Hepliaklqana.
  6509 | D:6      | Found an ornate altar of the Wu Jian Council.
  6561 | D:7      | Found a broken altar of Ashenzari.
  6693 | D:7      | Reached skill level 13 in Axes
  6737 | D:7      | Found a staircase to the Ecumenical Temple.
  6782 | D:7      | Reached *** piety under Beogh
  6932 | D:7      | Found Thor's Dragon-Slaying Spoils.
  7296 | D:8      | Reached XP level 10. HP: 81/81 MP: 10/10
  7304 | D:8      | Reached skill level 14 in Axes
  7383 | D:8      | Noticed Maggie
  7393 | D:8      | Killed Maggie
  7723 | D:8      | Found a staircase to the Lair.
  7743 | D:8      | Reached skill level 15 in Axes
  7866 | D:8      | Noticed Psyche
  7895 | Abyss:1  | Cast into level 1 of the Abyss (Psyche)
  7909 | Abyss:1  | Noticed a large abomination
  7975 | Abyss:1  | Found a shimmering altar of Xom.
  7975 | Abyss:1  | Found a shimmering altar of Xom.
  7975 | Abyss:1  | Found a shimmering altar of Xom.
  7975 | Abyss:1  | Found a shimmering altar of Xom.
  7975 | Abyss:1  | Found a corrupted altar of Lugonu.
  7975 | Abyss:1  | Found a shimmering altar of Xom.
  7975 | Abyss:1  | Found a shimmering altar of Xom.
  7978 | Abyss:1  | Found a shimmering altar of Xom.
  7978 | Abyss:1  | Found a shimmering altar of Xom.
  7979 | Abyss:1  | Found a shimmering altar of Xom.
  7979 | Abyss:1  | Found a shimmering altar of Xom.
  7979 | Abyss:1  | Found a shimmering altar of Xom.
  7979 | Abyss:1  | Found a shimmering altar of Xom.
  7979 | Abyss:1  | Found a shimmering altar of Xom.
  7979 | Abyss:1  | Found a shimmering altar of Xom.
  7982 | Abyss:1  | Found a shimmering altar of Xom.
  7982 | Abyss:1  | Found a shimmering altar of Xom.
  7982 | Abyss:1  | Found a shimmering altar of Xom.
  7982 | Abyss:1  | Found a shimmering altar of Xom.
  7982 | Abyss:1  | Found a corrupted altar of Lugonu.
  7982 | Abyss:1  | Found a shimmering altar of Xom.
  7982 | Abyss:1  | Found a shimmering altar of Xom.
  7982 | Abyss:1  | Found a shimmering altar of Xom.
  7982 | Abyss:1  | Found a shimmering altar of Xom.
  7982 | Abyss:1  | Found a shimmering altar of Xom.
  7982 | Abyss:1  | Found a shimmering altar of Xom.
  7982 | Abyss:1  | Found a shimmering altar of Xom.
  7982 | Abyss:1  | Found a shimmering altar of Xom.
  7982 | Abyss:1  | Found a shimmering altar of Xom.
  7982 | Abyss:1  | Found a shimmering altar of Xom.
  7982 | Abyss:1  | Found a shimmering altar of Xom.
  7982 | Abyss:1  | Found a shimmering altar of Xom.
  7982 | Abyss:1  | Found a shimmering altar of Xom.
  7982 | Abyss:1  | Found a shimmering altar of Xom.
  7982 | Abyss:1  | Found a corrupted altar of Lugonu.
  7982 | Abyss:1  | Found a shimmering altar of Xom.
  7982 | Abyss:1  | Found a shimmering altar of Xom.
  7982 | Abyss:1  | Found a shimmering altar of Xom.
  7982 | Abyss:1  | Found a shimmering altar of Xom.
  7982 | Abyss:1  | Found a shimmering altar of Xom.
  7982 | Abyss:1  | Found a shimmering altar of Xom.
  7982 | Abyss:1  | Found a shimmering altar of Xom.
  7982 | Abyss:1  | Found a shimmering altar of Xom.
  7982 | Abyss:1  | Found a shimmering altar of Xom.
  7982 | Abyss:1  | Found a shimmering altar of Xom.
  8030 | Abyss:1  | Noticed a large abomination
  8059 | Abyss:1  | Killed a large abomination
  8060 | Abyss:1  | Reached skill level 10 in Shields
  8151 | Abyss:1  | Noticed a wretched star
  8155 | Abyss:1  | Noticed a shining eye
  8156 | Abyss:1  | Gained mutation: Armour fits poorly on your strangely
                  | shaped body. [a shining eye]
  8159 | Abyss:1  | Noticed a thrashing horror
  8168 | Abyss:1  | Gained mutation: You are occasionally teleported next to
                  | monsters. [a neqoxec]
  8171 | Abyss:1  | Gained mutation: You have hidden genetic defects. [a
                  | neqoxec]
  8177 | D:8      | Escaped the Abyss
  8178 | D:8      | Killed a thrashing horror
  8181 | D:8      | Killed Psyche
  8182 | D:8      | Reached XP level 11. HP: 31/70 MP: 11/11
  8182 | D:8      | Gained mutation: You occasionally shout uncontrollably at
                  | your foes. [hidden defects]
  8215 | D:8      | Lost mutation: You have hidden genetic defects. [potion of
                  | mutation]
  8215 | D:8      | Lost mutation: You occasionally shout uncontrollably at
                  | your foes. [potion of mutation]
  8215 | D:8      | Lost mutation: You are occasionally teleported next to
                  | monsters. [potion of mutation]
  8215 | D:8      | Gained mutation: You have very sharp teeth. [potion of
                  | mutation]
  8215 | D:8      | Gained mutation: Your mind is acute. (Int +4, Str/Dex -1)
                  | [potion of mutation]
  8215 | D:8      | Gained mutation: You are agile. (Dex +4, Str/Int -1)
                  | [potion of mutation]
  8216 | D:8      | Lost mutation: You have very sharp teeth. [potion of
                  | mutation]
  8216 | D:8      | Lost mutation: Your mind is acute. (Int +4, Str/Dex -1)
                  | [potion of mutation]
  8216 | D:8      | Gained mutation: Your flesh is heat resistant. (rF+)
                  | [potion of mutation]
  8216 | D:8      | Gained mutation: Your muscles are strong. (Str +4, Int/Dex
                  | -1) [potion of mutation]
  8241 | D:8      | Reached **** piety under Beogh
  8255 | D:8      | Noticed Pikel
  8263 | D:8      | Killed Pikel
  8264 | D:8      | Reached skill level 16 in Axes
  8521 | Lair:1   | Entered Level 1 of the Lair of Beasts
  8736 | Lair:1   | Found a gate leading to a gauntlet.
  8745 | Gauntlet | Entered a Gauntlet
  8745 | Gauntlet | Noticed a sixfirhy
  8745 | Gauntlet | Found a transporter.
  8745 | Gauntlet | Found a transporter.
  8757 | Gauntlet | Found a transporter.
  8771 | Gauntlet | Noticed a wolf spider
  8774 | Gauntlet | Found a transporter.
  8774 | Gauntlet | Found a transporter.
  8774 | Gauntlet | Found a transporter.
  8776 | Gauntlet | Found a transporter.
  8776 | Gauntlet | Found a transporter.
  8776 | Gauntlet | Noticed a moth of wrath
  8787 | Gauntlet | Found a runed translucent door.
  8790 | Gauntlet | Found a transporter.
  8804 | Gauntlet | Found a transporter.
  8810 | Gauntlet | Noticed a quicksilver ooze
  8814 | Gauntlet | Found a transporter.
  8828 | Gauntlet | Found a transporter.
  8847 | Gauntlet | Found a transporter.
  8852 | Gauntlet | Found a runed translucent door.
  8855 | Gauntlet | Found a runed translucent door.
  8859 | Gauntlet | Found a transporter.
  8894 | Gauntlet | Identified the ring of the Tempest {Fly rElec rC++ Will+
                  | Dex-3}
  8935 | Gauntlet | Killed a wolf spider
  9165 | Gauntlet | Gained Geork as an ally
  9166 | Gauntlet | Reached skill level 1 in Invocations
  9188 | Gauntlet | Identified the amulet "Effa" {RegenMP rPois rN+ Str+4}
  9269 | Gauntlet | Identified the +3 spear of Light {vorpal, Will+ Int+3}
  9269 | Gauntlet | Noticed a minotaur
  9282 | Gauntlet | Hit by a javelin thrown by a minotaur

Illustrated notes

Levels and vault maps discovered:
D:1:      erik_arrival_triangle_small, layout_basic, amcnicky_mini_pool_small,
          grunt_decor_resistance
D:2:      layout_loops_cross, serial_glass, glass_columns_a, glass_columns_b,
          glass_columns_a, glass_columns_a, glass_columns_a, uniq_natasha,
          uniq_crazy_yiuf_cottage, uniq_robin, uniq_jessica
D:3:      kennysheep_goblin_castle, layout_rooms, uniq_sigmund
D:4:      layout_basic
D:5:      lemuel_ice_spiral_2, layout_basic, uniq_menkaure
D:6:      nicolae_BIG_FREAKIN_CUBE, layout_cave_pods, marbit_many_paths,
          mainiacjoe_overflow_swirl, serial_shops, nicolae_shop_crystal,
          skrybe_limestone_x, minivault_5, corexii_item_surrounded_by_moat
D:7:      layout_rooms, ashenzari_altar_1, lemuel_temple_firewalk_a,
          nicolae_shop_dragon_depot
D:8:      layout_loops_ring, david_lair_shrubbed, fungi_pond_lemuel,
          dreamdust_princess_bridge, nicolae_figureground_sparkle, uniq_psyche,
          uniq_maggie, uniq_pikel
Lair:1:   minmay_lair_oklob_tunnel, layout_small_grid, gauntlet_entry_generic,
          lemuel_oklob_altar
Gauntlet: gammafunk_gauntlet_mixed_choke_point
          [minmay_gauntlet_arena_77_terracotta_army,
          minmay_gauntlet_arena_77_two_lines, minmay_gauntlet_arena_77_cramped,
          nicolae_gauntlet_arena_quarters, minmay_gauntlet_arena_77_path,
          minmay_gauntlet_arena_77_mirror, minmay_gauntlet_arena_77_mess,
          gauntlet_exit_hidden_loot]

Skill      XL: |  1  2  3  4  5  6  7  8  9 10 11 |
---------------+----------------------------------+-----
Axes           | 3 4 6 8 10 11 13 15 16 | 16.0
Fighting       | 4 5 |  5.7
Dodging        | 1 2 |  2.8
Armour         | 4 5 |  5.2
Shields        | 5 8 10 12 | 12.6
Invocations    | 1 |  1.6

Action                   |  1- 3 |  4- 6 |  7- 9 | 10-12 || total
-------------------------+-------+-------+-------+-------++-------
Melee: War axe           |   118 |   161 |   292 |   215 ||   786
Invok: Convert to Beogh  |       |       |     1 |       ||     1
Evoke: Wand              |       |     1 |       |     2 ||     3
  Use: Scroll            |     4 |       |    14 |     2 ||    20
       Potion            |       |     2 |       |     4 ||     6
Armor: Scale mail        |    77 |    63 |     8 |       ||   148
       Plate armour      |       |       |   144 |    98 ||   242
Dodge: Dodged            |    56 |    52 |    48 |    39 ||   195
Block: Buckler           |    35 |    55 |    74 |       ||   164
       Reflection        |       |       |    18 |     1 ||    19
       Tower shield      |       |       |   169 |   219 ||   388
